[Event "UKR-ch Women Final 2018"]
[Site "Kiev"]
[Date "2018.12.11"]
[Round "1"]
[White "Shpanko, Nadiia"]
[Black "Rakhmangulova, Anastasiya"]
[Result "1/2-1/2"]
[ECO "B40"]
[WhiteElo "2262"]
[BlackElo "2233"]
[Annotator "ChessBase"]
[PlyCount "82"]
[EventDate "2018.12.11"]
[EventType "tourn"]
[EventCountry "UKR"]
[SourceTitle "playchess.com"]
[Source "ChessBase"]
[SourceQuality "1"]
[TimeControl "40/5400+30:1800+30"]

1. e4 c5 2. Nf3 e6 3. d4 cxd4 4. Nxd4 Nf6 5. Nc3 Nc6 6. Nxc6 bxc6 7. e5 Nd5 8. Ne4 Qc7 9. f4 Qb6 10. c4 Bb4+ 11. Ke2 f5 12. Nf2 Ba6 13. Kf3 Ne7 14. Be3 Bc5 15. Bxc5 Qxc5 16. Qd6 Qb6 17. b3 c5 18. Rd1 Qxd6 19. exd6 Bb7+ 20. Ke3 Ng8 21. Be2 Nf6 22. Bf3 Bxf3 23. gxf3 O-O 24. Nd3 Rfc8 25. Rd2 a5 26. Nb2 Ra6 27. Na4 Ne8 28. Rhd1 Rcc6 29. Kf2 Kf7 30. Re2 Rc8 31. Red2 Rcc6 32. h4 Nf6 33. Nc3 Ne8 34. Nb5 a4 35. Nc7 Rab6 36. Nb5 axb3 37. axb3 Ra6 38. Ke3 Nf6 39. Rb1 Ne8 40. Rbd1 Nf6 41. Rb1 Ne8 {[%emt 0:00:08] Ke4} 1/2-1/2

[Event "UKR-ch Women Final 2018"]
[Site "Kiev"]
[Date "2018.12.11"]
[Round "1"]
[White "Martynkova, Olena"]
[Black "Babiy, Olga"]
[Result "1-0"]
[ECO "E04"]
[WhiteElo "2173"]
[BlackElo "2275"]
[Annotator "NA RC"]
[PlyCount "79"]
[EventDate "2018.12.11"]
[EventType "tourn"]
[EventCountry "UKR"]
[SourceTitle "playchess.com"]
[Source "ChessBase"]
[SourceQuality "1"]
[TimeControl "40/5400+30:1800+30"]

1. d4 Nf6 2. c4 e6 3. g3 d5 4. Nf3 dxc4 5. Bg2 c6 6. O-O b5 7. a4 {[%emt 0:03:03] E04: Open Catalan: 5 Nf3} Bb7 8. Ne5 Qc7 {[%emt 0:01:31] LiveBook: 9 Games} (8... a6 9. Nc3 Nd5 10. e4 Nxc3 11. bxc3 Be7 12. Rb1 Qc8 13. Qg4 g6 14. f4 Nd7 15. f5 Nxe5 16. dxe5 h5 17. Qf3 exf5 18. exf5 Qxf5 19. Qxc6+ Bxc6 20. Bxc6+ {½-½ (78) Inarkiev,E (2689)-Piorun,K (2651) Katowice 2017}) 9. Nc3 {[%emt 0:12:19] The position is equal.} b4 10. Ne4 Nxe4 11. Bxe4 c5 $1 12. Bxb7 Qxb7 13. Bf4 $146 ({Predecessor:} 13. Be3 Nc6 14. Nxc6 Qxc6 15. Rc1 {½-½ (72) Mikhalevski,V (2566)-Postny,E (2563) Ashdod 2004}) 13... Nc6 14. Nxc6 $1 Qxc6 15. Rc1 Rd8 (15... Qa6 $11 {remains equal.}) 16. Rxc4 $16 Qd5 17. Qc2 cxd4 18. e4 dxe3 19. Bxe3 Be7 20. Bxa7 O-O 21. Bb6 $36 {[%emt 0:00:37] White is on the roll.} Rd7 22. Rd4 Qb7 23. Rxd7 Qxd7 24. Rd1 Qb7 {[%emt 0:02:32] Hoping for ...Rc8.} 25. a5 h5 {[%emt 0:06:16] [#]} 26. h4 $1 Rc8 27. Qe2 (27. Qd2 $18 {has better winning chances.}) 27... g6 {[%emt 0:05:54] Accuracy: White = 78%, Black = 39%.} 28. Bd4 Rc6 29. Qe5 f6 30. Qe4 Kf7 31. Be3 Qb5 32. Bb6 Qa4 33. Re1 Qb5 34. Ra1 Rc8 35. Qb7 Rc6 36. Rd1 Ke8 37. Qd7+ Kf8 38. Bd8 Bc5 39. Bxf6 Bxf2+ 40. Kh1 1-0

[Event "UKR-ch Women Final 2018"]
[Site "Kiev"]
[Date "2018.12.11"]
[Round "1"]
[White "Dolzhykova, Kateryna"]
[Black "Osmak, Iulija"]
[Result "0-1"]
[ECO "C07"]
[WhiteElo "2161"]
[BlackElo "2403"]
[Annotator "RC"]
[PlyCount "154"]
[EventDate "2018.12.11"]
[EventType "tourn"]
[EventCountry "UKR"]
[SourceTitle "playchess.com"]
[Source "ChessBase"]
[SourceQuality "1"]
[TimeControl "40/5400+30:1800+30"]

1. e4 e6 2. d4 d5 3. Nd2 c5 4. Ngf3 cxd4 5. Nxd4 Nc6 6. Bb5 Bd7 7. Nxc6 bxc6 8. Bd3 Qc7 9. Qe2 Bd6 10. Nf3 e5 11. exd5 cxd5 12. Nxe5 Bxe5 13. f4 f6 14. O-O Ne7 15. fxe5 Qxe5 16. Qf2 Kf7 17. c4 Rhc8 18. Bf4 Qh5 19. cxd5 Nxd5 20. Ba6 Nxf4 21. Qxf4 Qc5+ 22. Kh1 Re8 23. Rac1 Qe5 24. Bc4+ Kf8 25. Qd2 Rad8 26. Qb4+ Qe7 27. Qa5 Bc6 28. Rce1 Be4 29. Qc3 Qd6 30. Bb3 Qd4 31. Qa5 Re5 32. Qc7 Re7 33. Qg3 Rde8 34. Rd1 Qxb2 35. Rd6 Bg6 36. Qh4 Qe5 37. Rc6 Rc7 38. Qb4+ Rce7 39. Re6 Qb8 40. Qa3 Bf7 41. Re3 Bxb3 42. Rxb3 Qc7 43. Rg3 Kg8 44. Qb3+ Kh8 45. Qb4 Re2 46. a4 R2e4 47. Qb5 Qc4 48. Qxc4 Rxc4 49. Ra3 Ree4 50. Rfa1 a5 51. h3 h5 52. Kh2 h4 53. R3a2 Kh7 54. Ra3 Kg6 55. R1a2 Kf7 56. g3 hxg3+ 57. Kxg3 g5 58. Ra1 Kg6 59. R1a2 f5 60. Ra1 Kh5 61. R1a2 Red4 62. Ra1 Rd2 63. R1a2 Rxa2 64. Rxa2 Rc3+ 65. Kg2 Kh4 66. Rd2 Rg3+ 67. Kf2 Rxh3 68. Rd5 Kg4 69. Rxa5 Ra3 70. Ra8 Ra2+ 71. Ke1 f4 72. a5 f3 73. Rg8 f2+ 74. Kf1 Kf3 75. Rf8+ Kg3 76. a6 Ra1+ 77. Ke2 Re1+ 0-1

[Event "UKR-ch Women Final 2018"]
[Site "Kiev"]
[Date "2018.12.12"]
[Round "2"]
[White "Doluhanova, Evgeniya"]
[Black "Osmak, Iulija"]
[Result "1-0"]
[ECO "C11"]
[WhiteElo "2367"]
[BlackElo "2403"]
[Annotator "RC"]
[PlyCount "63"]
[EventDate "2018.12.11"]
[EventType "tourn"]
[EventCountry "UKR"]
[SourceTitle "playchess.com"]
[Source "ChessBase"]
[SourceQuality "1"]
[TimeControl "40/5400+30:1800+30"]

1. e4 e6 2. d4 d5 3. Nc3 Nf6 4. e5 Nfd7 5. f4 c5 6. Nf3 Be7 7. Be3 O-O 8. h4 Nc6 9. Bd3 f5 10. Ng5 Bxg5 11. hxg5 cxd4 12. Qh5 dxc3 13. Qxh7+ Kf7 14. bxc3 Ne7 15. g4 Rg8 16. gxf5 exf5 17. Qh5+ Ke6 18. c4 Nf8 19. cxd5+ Qxd5 20. O-O-O g6 21. Qe2 b5 22. Bxb5 Qxd1+ 23. Rxd1 Kf7 24. Bc5 Be6 25. Bd6 Rc8 26. a4 Rh8 27. Qf2 Bb3 28. Rd2 a6 29. Bxa6 Rh1+ 30. Kb2 Ra8 31. Bb7 Rxa4 32. cxb3 1-0

[Event "UKR-ch Women Final 2018"]
[Site "Kiev"]
[Date "2018.12.12"]
[Round "2"]
[White "Rakhmangulova, Anastasiya"]
[Black "Doluhanova, Evgeniya"]
[Result "*"]
[ECO "B35"]
[WhiteElo "2233"]
[BlackElo "2367"]
[Annotator "ChessBase"]
[PlyCount "47"]
[EventDate "2018.12.11"]
[EventType "tourn"]
[EventCountry "UKR"]
[SourceTitle "playchess.com"]
[Source "ChessBase"]
[SourceQuality "1"]
[TimeControl "40/5400+30:1800+30"]

1. e4 c5 2. Nf3 Nc6 3. d4 cxd4 4. Nxd4 Nf6 5. Nc3 g6 6. Be3 Bg7 7. Bc4 O-O 8. Bb3 d5 9. exd5 Na5 10. Qf3 Nxb3 11. axb3 Bg4 12. Qg3 Bh5 13. d6 e5 14. Ndb5 a6 15. Nc7 Rc8 16. Qxe5 Ne8 17. Qe7 Nxc7 18. Qxd8 Rfxd8 19. dxc7 Rxc7 20. O-O Bxc3 21. Bf4 Rc6 22. bxc3 Rxc3 23. f3 Rxc2 24. Rad1 *

[Event "UKR-ch Women Final 2018"]
[Site "Kiev"]
[Date "2018.12.12"]
[Round "2"]
[White "Rakhmangulova, Anastasiya"]
[Black "Dolzhykova, Kateryna"]
[Result "1/2-1/2"]
[ECO "B35"]
[WhiteElo "2233"]
[BlackElo "2161"]
[Annotator "NA"]
[PlyCount "88"]
[EventDate "2018.12.11"]
[EventType "tourn"]
[EventCountry "UKR"]
[SourceTitle "playchess.com"]
[Source "ChessBase"]
[SourceQuality "1"]
[TimeControl "40/5400+30:1800+30"]

1. e4 c5 2. Nf3 Nc6 3. d4 cxd4 4. Nxd4 Nf6 5. Nc3 g6 6. Be3 Bg7 7. Bc4 O-O 8. Bb3 d5 9. exd5 {[%emt 0:00:05] B35: Sicilian: Accelerated Dragon with 5 Nc3: main line} Na5 $1 10. Qf3 (10. O-O Nxb3 11. Nxb3 b6 12. d6 e6 13. Qf3 Rb8 14. Rfd1 Bb7 15. Qh3 Rc8 16. Bd4 Nd5 17. Nxd5 Bxd5 18. Bxg7 Kxg7 {1-0 (34) Vachier Lagrave,M (2796)-Gelfand,B (2719) Palma de Mallorca 2017}) 10... Nxb3 11. axb3 Bg4 12. Qg3 Bh5 13. d6 {[%emt 0:00:19] LiveBook: 7 Games} e5 14. Ndb5 {[%emt 0:12:45] [#]} a6 $146 ({Predecessor:} 14... Ne8 $16 15. Bc5 Rc8 16. Bb4 a6 {1-0 (69) Saric,I (2668)-Antipov,M (2550) Monzon 2016}) 15. Nc7 Rc8 {[%emt 0:05:04] [#]} 16. Qxe5 $2 (16. Bc5 $1 $18) 16... Ne8 $1 17. Qe7 Nxc7 18. Qxd8 Rfxd8 19. dxc7 Rxc7 20. O-O Bxc3 21. Bf4 Rc6 22. bxc3 Rxc3 23. f3 Rxc2 24. Rad1 Re8 25. g4 g5 26. Bxg5 Ree2 27. Bf4 Bg6 28. Rfe1 Bd3 29. b4 f6 30. Rxe2 Bxe2 31. Rd8+ Kf7 32. Kf2 Bb5+ 33. Rd2 Rc4 34. Bd6 b6 35. h4 a5 36. bxa5 bxa5 37. Ra2 a4 38. Ra3 h5 39. Kg3 hxg4 40. fxg4 Bd7 41. Bf4 Rb4 42. h5 Rb1 43. Be3 Rb4 44. Bf4 Rb1 1/2-1/2

[Event "UKR-ch Women Final 2018"]
[Site "Kiev"]
[Date "2018.12.15"]
[Round "5"]
[White "Rakhmangulova, Anastasiya"]
[Black "Babiy, Olga"]
[Result "0-1"]
[ECO "B15"]
[WhiteElo "2233"]
[BlackElo "2275"]
[Annotator "NA"]
[PlyCount "68"]
[EventDate "2018.12.11"]
[EventType "tourn"]
[EventCountry "UKR"]
[SourceTitle "playchess.com"]
[Source "ChessBase"]
[SourceQuality "1"]
[TimeControl "40/5400+30:1800+30"]

1. e4 c6 2. d4 d5 3. Nc3 dxe4 4. Nxe4 Nf6 5. Nxf6+ exf6 6. c3 Bd6 7. Bd3 O-O 8. Qc2 Re8+ 9. Ne2 h5 10. Be3 Nd7 11. O-O-O Nf8 12. Kb1 Be6 13. c4 Rc8 14. Ng3 g6 15. Ne4 b5 16. d5 cxd5 17. Nxd6 Qxd6 18. c5 Qc6 19. Bd4 Bd7 20. b4 a5 21. Rhe1 axb4 22. f4 Bg4 23. f5 Bxd1 24. Rxd1 g5 25. h4 Nd7 26. hxg5 fxg5 27. f6 Nxf6 28. Rf1 Ne4 29. Bxe4 Rxe4 30. Rf6 Qe8 31. Rh6 f6 32. Bb2 Re1+ 33. Bc1 Qe4 34. Qxe4 dxe4 0-1

[Event "UKR-ch Women Final 2018"]
[Site "Kiev"]
[Date "2018.12.15"]
[Round "5"]
[White "Martynkova, Olena"]
[Black "Doluhanova, Evgeniya"]
[Result "1/2-1/2"]
[ECO "E18"]
[WhiteElo "2173"]
[BlackElo "2367"]
[Annotator "NA"]
[PlyCount "26"]
[EventDate "2018.12.11"]
[EventType "tourn"]
[EventCountry "UKR"]
[SourceTitle "playchess.com"]
[Source "ChessBase"]
[SourceQuality "1"]
[TimeControl "40/5400+30:1800+30"]

1. d4 Nf6 2. c4 e6 3. Nf3 b6 4. g3 Bb7 5. Bg2 Be7 6. O-O O-O 7. Nc3 Ne4 8. Bd2 Nxd2 9. Qxd2 d6 10. d5 e5 11. e4 Nd7 12. Ne1 a5 13. Nd3 Ba6 1/2-1/2

[Event "UKR-ch Women Final 2018"]
[Site "Kiev"]
[Date "2018.12.15"]
[Round "5"]
[White "Dolzhykova, Kateryna"]
[Black "Berdnyk, Mariia"]
[Result "1-0"]
[ECO "B51"]
[WhiteElo "2161"]
[BlackElo "2248"]
[Annotator "NA"]
[PlyCount "75"]
[EventDate "2018.12.11"]
[EventType "tourn"]
[EventCountry "UKR"]
[SourceTitle "playchess.com"]
[Source "ChessBase"]
[SourceQuality "1"]
[TimeControl "40/5400+30:1800+30"]

1. e4 c5 2. Nf3 d6 3. Bb5+ Nd7 4. Ba4 Ngf6 5. O-O a6 6. c4 g6 7. b4 Bg7 8. bxc5 Nxe4 9. d4 O-O 10. cxd6 Nxd6 11. Bb3 b5 12. cxb5 axb5 13. Nbd2 Bb7 14. Bb2 Nb6 15. Rc1 Na4 16. Ba1 Nf5 17. Re1 Nxd4 18. Nxd4 Bxd4 19. Bxd4 Qxd4 20. Rxe7 Bd5 21. Bxd5 Qxd5 22. Ne4 Qxd1+ 23. Rxd1 Rfd8 24. Re1 h6 25. h4 Kg7 26. h5 gxh5 27. Re3 h4 28. Rf3 Rd1+ 29. Kh2 Rf8 30. Rf4 Re1 31. Rc7 Kg6 32. Rc6+ f6 33. Nxf6 Rd8 34. Ne4+ Kg7 35. Rc7+ Kg6 36. Rf6+ Kh5 37. Rg7 Rd5 38. g4+ 1-0

[Event "UKR-ch Women Final 2018"]
[Site "Kiev"]
[Date "2018.12.17"]
[Round "6"]
[White "Doluhanova, Evgeniya"]
[Black "Babiy, Olga"]
[Result "0-1"]
[ECO "A06"]
[WhiteElo "2367"]
[BlackElo "2275"]
[Annotator "NA"]
[PlyCount "35"]
[EventDate "2018.12.11"]
[EventType "tourn"]
[EventCountry "UKR"]
[SourceTitle "playchess.com"]
[Source "ChessBase"]
[SourceQuality "1"]
[TimeControl "40/5400+30:1800+30"]

1. Nf3 d5 2. e3 Nf6 3. b3 Bf5 4. Bb2 e6 5. Be2 h6 6. d3 Nbd7 7. Nbd2 Be7 8. O-O O-O $11 {[%emt 0:00:32] LiveBook: 7 Games} 9. c4 a5 10. Rc1 a4 11. cxd5 exd5 12. bxa4 Nb6 13. Be5 c6 14. Qb3 Nfd7 15. a5 Nxe5 16. Nxe5 Rxa5 17. Rb1 Rb5 18. Ng4 0-1

[Event "UKR-ch Women Final 2018"]
[Site "Kiev"]
[Date "2018.12.17"]
[Round "6"]
[White "Martynkova, Olena"]
[Black "Shpanko, Nadiia"]
[Result "0-1"]
[ECO "A05"]
[WhiteElo "2173"]
[BlackElo "2262"]
[Annotator "NA"]
[PlyCount "170"]
[EventDate "2018.12.11"]
[EventType "tourn"]
[EventCountry "UKR"]
[SourceTitle "playchess.com"]
[Source "ChessBase"]
[SourceQuality "1"]
[TimeControl "40/5400+30:1800+30"]

1. Nf3 Nf6 2. g3 d5 3. Bg2 e6 4. O-O Nbd7 5. d4 Bd6 6. c4 c6 7. Nbd2 O-O 8. Qc2 Re8 9. Rd1 Qe7 {[%emt 0:05:16] LiveBook: 107 Games} 10. a3 Bb8 11. b4 e5 $11 12. dxe5 Nxe5 13. cxd5 Nxd5 14. Nd4 Ng4 15. N2f3 Bd7 16. Re1 a5 17. Bg5 Qf8 18. e4 Nb6 19. Bd2 axb4 20. axb4 Rxa1 21. Rxa1 Bd6 22. Rb1 Qe7 23. h3 Nf6 24. b5 c5 25. e5 Bxe5 26. Nxe5 Qxe5 27. Nf3 Qf5 28. Qxf5 Bxf5 29. Rc1 Nbd7 30. Nh4 Be4 31. b6 Bxg2 32. Kxg2 Nd5 33. Nf5 Re6 34. Ba5 h5 35. Rd1 N7xb6 36. Bxb6 Nxb6 37. Rd8+ Kh7 38. Rb8 g6 39. Ne3 Re7 40. Kf3 Kg7 41. g4 hxg4+ 42. hxg4 f6 43. Kf4 Rc7 44. Ke4 Rd7 45. f4 c4 46. Kf3 c3 47. Ke2 Kh7 48. g5 fxg5 49. fxg5 Kg7 50. Re8 Nc4 51. Rc8 Rd2+ 52. Ke1 Nxe3 53. Rc7+ Kf8 54. Rxc3 Rg2 55. Rxe3 Rxg5 56. Re6 b5 57. Kf2 Kg7 58. Rb6 Kh6 59. Kf3 Rc5 60. Kf4 Kh5 61. Rb8 Rf5+ 62. Kg3 Kg5 63. Rb6 Rc5 64. Kf3 Kf5 65. Ke3 Rc3+ 66. Kd2 Rc5 67. Ke3 Re5+ 68. Kd4 g5 69. Rb8 Kf4 70. Rf8+ Rf5 71. Re8 g4 72. Re4+ Kg3 73. Ke3 Rf3+ 74. Ke2 Rf4 75. Re5 b4 76. Rb5 Kg2 77. Ke3 Rf3+ 78. Ke2 b3 79. Rb4 g3 80. Rd4 b2 81. Rd1 Rf8 82. Ke3 Re8+ 83. Kf4 Kf2 84. Rd2+ Re2 85. Rd1 g2 0-1

[Event "UKR-ch Women Final 2018"]
[Site "Kiev"]
[Date "2018.12.18"]
[Round "7"]
[White "Shpanko, Nadiia"]
[Black "Doluhanova, Evgeniya"]
[Result "1/2-1/2"]
[ECO "E47"]
[WhiteElo "2262"]
[BlackElo "2367"]
[Annotator "NA"]
[PlyCount "132"]
[EventDate "2018.12.11"]
[EventType "tourn"]
[EventCountry "UKR"]
[SourceTitle "playchess.com"]
[Source "ChessBase"]
[SourceQuality "1"]
[TimeControl "40/5400+30:1800+30"]

1. d4 Nf6 2. c4 e6 3. Nc3 Bb4 4. e3 O-O 5. Bd3 c5 6. Nf3 b6 7. O-O Bb7 8. Nb5 cxd4 9. Nbxd4 Nc6 10. Nc2 $146 {[%emt 0:01:49] E43: Nimzo-Indian: Rubinstein: 4...b6} ({Predecessor:} 10. Nxc6 Bxc6 11. b3 Bc3 12. Rb1 Ne4 13. Ba3 Re8 14. Rc1 f5 15. Bxe4 fxe4 16. Nd4 Bxd4 17. Qxd4 e5 {1-0 (31) Surroca Collazo,A-De la Rosa Solorzano,J Cuba 2001}) 10... Be7 11. b3 d5 12. Bb2 dxc4 13. Bxc4 Qc7 14. Ncd4 Rad8 15. Qe2 Qb8 16. Rfd1 Qa8 17. Ba6 Nxd4 18. Bxd4 Bc6 19. Bb5 Bxb5 20. Qxb5 Rd5 21. Qe2 Rfd8 $11 22. Bb2 Ne4 23. h3 Bc5 24. Qc2 Qb7 25. Bd4 f5 26. Bxc5 bxc5 27. Rxd5 Qxd5 28. Kf1 h6 29. Ke1 g5 30. Qc4 g4 31. Qxd5 Rxd5 32. Ng1 h5 33. f3 gxh3 34. gxh3 Nc3 35. Ne2 Nxe2 36. Kxe2 Kf7 37. f4 e5 38. fxe5 Rxe5 39. Rf1 Ke6 40. Kf3 Re4 41. Rg1 Rh4 42. Rg6+ Ke5 43. Kg3 Re4 44. Kf3 Rh4 45. Kg3 Rb4 46. Rc6 Kd5 47. Rh6 Ke4 48. Rxh5 a5 49. Kf2 Ke5 50. Kg3 Ke4 51. Kf2 Ke5 52. Kg3 c4 53. bxc4 Rxc4 54. Rh8 Ra4 55. Re8+ Kf6 56. Rf8+ Ke6 57. h4 Rxa2 58. h5 Ra1 59. h6 Rh1 60. Ra8 Kf6 61. Ra6+ Kg5 62. Rxa5 Rxh6 63. e4 Rf6 64. Rd5 Rf7 65. exf5 Rxf5 66. Rxf5+ Kxf5 1/2-1/2

[Event "UKR-ch Women Final 2018"]
[Site "Kiev"]
[Date "2018.12.18"]
[Round "7"]
[White "Rakhmangulova, Anastasiya"]
[Black "Berdnyk, Mariia"]
[Result "1-0"]
[ECO "B50"]
[WhiteElo "2233"]
[BlackElo "2248"]
[Annotator "NA"]
[PlyCount "70"]
[EventDate "2018.12.11"]
[EventType "tourn"]
[EventCountry "UKR"]
[SourceTitle "playchess.com"]
[Source "ChessBase"]
[SourceQuality "1"]
[TimeControl "40/5400+30:1800+30"]

1. e4 c5 2. Nf3 d6 3. h3 Nf6 4. c3 Nc6 5. Bd3 e6 6. O-O Be7 7. Bc2 O-O 8. Re1 Qc7 9. d4 b6 10. e5 Nd5 11. a3 Ba6 12. Bd3 c4 13. Bc2 dxe5 14. dxe5 Bc5 15. Qe2 g6 (15... Kh8 $14) 16. Qe4 $14 ({White should try} 16. Bh6 $16) 16... Rfd8 17. Qh4 Bf8 18. Bh6 Bg7 19. Bxg7 Kxg7 20. Nbd2 Qe7 21. Qe4 Na5 22. h4 Bb7 23. Qg4 h5 24. Qg3 Bc6 25. Nd4 Rac8 26. f4 Kh8 27. Ne4 Nb7 28. Ng5 Nc5 29. Rf1 Bd7 30. Qf3 Be8 31. Rae1 Qf8 32. f5 exf5 33. Bxf5 Nd3 34. Bxc8 Rxc8 35. Qxd5 Ra8 1-0

[Event "UKR-ch Women Final 2018"]
[Site "Kiev"]
[Date "2018.12.18"]
[Round "7"]
[White "Dolzhykova, Kateryna"]
[Black "Martynkova, Olena"]
[Result "0-1"]
[ECO "B40"]
[WhiteElo "2161"]
[BlackElo "2173"]
[Annotator "NA"]
[PlyCount "108"]
[EventDate "2018.12.11"]
[EventType "tourn"]
[EventCountry "UKR"]
[SourceTitle "playchess.com"]
[Source "ChessBase"]
[SourceQuality "1"]
[TimeControl "40/5400+30:1800+30"]

1. e4 c5 2. Nf3 e6 3. c4 Nc6 4. Nc3 Nd4 5. Nxd4 cxd4 6. Nb5 e5 7. Be2 Nf6 8. d3 a6 9. Na3 Bb4+ 10. Bd2 Bxd2+ 11. Qxd2 d6 12. f4 O-O 13. O-O b6 14. b4 Qe7 15. Rac1 a5 16. c5 $15 bxc5 17. fxe5 dxe5 18. bxc5 Nd7 19. Qc2 Ba6 20. c6 Rfc8 21. Nb1 Nf8 22. Bg4 Ne6 23. Nd2 Rc7 24. Qb3 Nf4 25. Nc4 Rxc6 26. g3 Ng6 27. Nb6 Rxc1 28. Rxc1 Rf8 29. h4 Nxh4 30. gxh4 Qxh4 31. Qd1 Qg3+ 32. Kh1 Bxd3 33. Qf3 Qxf3+ 34. Bxf3 Rd8 35. Rc5 f6 36. Rxa5 Rb8 37. Ra8 Rxa8 38. Nxa8 f5 39. exf5 Bxf5 40. Bd5+ Kf8 41. Nb6 Ke7 42. a4 Kd6 43. a5 Kc5 44. Bc4 d3 45. Bb3 e4 46. Nc4 Bc8 47. Ne3 Kd4 48. Nd5 Bb7 49. Nc7 e3+ 50. Kg1 Kc3 51. Bd5 e2 52. Bxb7 e1=Q+ 53. Kg2 d2 54. Nd5+ Kd4 0-1

[Event "UKR-ch Women Final 2018"]
[Site "Kiev"]
[Date "2018.12.19"]
[Round "8"]
[White "Shpanko, Nadiia"]
[Black "Dolzhykova, Kateryna"]
[Result "1/2-1/2"]
[ECO "B76"]
[WhiteElo "2262"]
[BlackElo "2161"]
[Annotator "NA"]
[PlyCount "97"]
[EventDate "2018.12.11"]
[EventType "tourn"]
[EventCountry "UKR"]
[SourceTitle "playchess.com"]
[Source "ChessBase"]
[SourceQuality "1"]
[TimeControl "40/5400+30:1800+30"]

1. e4 c5 2. Nf3 d6 3. d4 cxd4 4. Nxd4 Nf6 5. Nc3 g6 6. Be3 Bg7 7. f3 Nc6 8. Qd2 O-O 9. O-O-O d5 10. Kb1 Nxd4 11. e5 Nf5 12. exf6 exf6 {[%emt 0:06:36] B76: Sicilian Dragon: Yugoslav Attack, 9 g4 and 9 0-0-0} 13. Bc5 d4 14. Bxf8 {[%emt 0:02:19] LiveBook: 45 Games} Qxf8 15. Nb5 Ne3 16. Re1 f5 17. f4 Qc5 18. c3 $1 Nxf1 19. Re8+ Bf8 20. Qxd4 Qxb5 {[%emt 0:04:03] [#]} 21. Qd8 $146 Nd2+ 22. Kc2 Qxe8 23. Qxe8 Ne4 24. Rd1 Nf6 25. Qd8 Kg7 26. Qc7 $1 Be6 27. Qxb7 Re8 28. Qxa7 Bd5 29. Rxd5 Nxd5 30. Qd4+ Nf6 31. b4 Re4 32. Qd2 Rc4 33. Qd3 Rxf4 34. Kb3 Ne4 $16 35. a4 Rf2 36. Qd4+ Kg8 37. a5 Rf1 38. Ka2 Bg7 39. Qd8+ Bf8 40. a6 Nxc3+ 41. Kb3 Ra1 42. Kxc3 Rxa6 43. b5 Rd6 44. Qc7 Bg7+ 45. Kc2 Be5 46. Qc8+ Kg7 47. h3 Bd4 48. Qc7 Re6 49. Qc4 1/2-1/2

[Event "UKR-ch Women Final 2018"]
[Site "Kiev"]
[Date "2018.12.19"]
[Round "8"]
[White "Berdnyk, Mariia"]
[Black "Babiy, Olga"]
[Result "1/2-1/2"]
[ECO "B48"]
[WhiteElo "2248"]
[BlackElo "2275"]
[Annotator "NA"]
[PlyCount "41"]
[EventDate "2018.12.11"]
[EventType "tourn"]
[EventCountry "UKR"]
[SourceTitle "playchess.com"]
[Source "ChessBase"]
[SourceQuality "1"]
[TimeControl "40/5400+30:1800+30"]

1. e4 c5 2. Nf3 e6 3. d4 cxd4 4. Nxd4 Nc6 5. Nc3 Qc7 6. Be3 a6 7. Bd3 Nf6 8. O-O Ne5 9. h3 Bc5 10. f4 Nc6 11. Nf5 {[%emt 0:05:12] LiveBook: 21 Games} Ne7 12. Nxg7+ Kf8 13. Bxc5 Qxc5+ 14. Kh1 $1 Kxg7 15. e5 Nfd5 $2 {[%emt 0:01:36] [#]} (15... Ne8 $1 $11 {and Black has nothing to worry.}) 16. Ne4 $1 ({Not} 16. Qh5 Nxc3 17. f5 (17. bxc3 $2 Kf8 $19) 17... exf5 $11) ({And not} 16. Nxd5 Qxd5 17. Qe1 (17. Qh5 Kf8 $17) 17... Kf8 $17) 16... Qc6 17. Qh5 Nf5 18. Qg5+ Kf8 19. Qd8+ Kg7 20. Qg5+ Kf8 21. Qd8+ $11 1/2-1/2

[Event "UKR-ch Women Final 2018"]
[Site "Kiev"]
[Date "2018.12.19"]
[Round "8"]
[White "Martynkova, Olena"]
[Black "Osmak, Iulija"]
[Result "1-0"]
[ECO "D11"]
[WhiteElo "2173"]
[BlackElo "2403"]
[Annotator "NA"]
[PlyCount "119"]
[EventDate "2018.12.11"]
[EventType "tourn"]
[EventCountry "UKR"]
[SourceTitle "playchess.com"]
[Source "ChessBase"]
[SourceQuality "1"]
[TimeControl "40/5400+30:1800+30"]

1. d4 d5 2. c4 c6 3. Nf3 e6 4. g3 dxc4 5. Bg2 Nd7 6. O-O Ngf6 7. a4 a5 8. Nc3 {[%emt 0:07:17] E04: Open Catalan: 5 Nf3} Bd6 9. Bg5 {[%emt 0:10:14] LiveBook: 3 Games} O-O $146 ({Predecessor:} 9... h6 10. Bxf6 Qxf6 11. Ne4 Qe7 12. Qc2 Bc7 13. Qxc4 e5 14. Nc3 Qb4 15. Qd3 exd4 {0-1 (32) Yevseev,D (2532)-Dobrov,V (2511) Jurmala 2014}) 10. e4 (10. Ne4 $11 Bc7 11. Nfd2) 10... e5 $1 11. Qe2 h6 12. Bxf6 Qxf6 13. d5 Nb6 14. Nd2 Qg6 15. Nxc4 Bg4 16. Qd3 Nxc4 17. Qxc4 Rac8 18. Qb3 Bb4 19. Na2 Bc5 20. Qxb7 Bd4 21. Nc3 c5 22. Qb3 h5 23. Nb5 c4 24. Qc2 Bb6 25. Kh1 h4 26. f3 Bd7 27. g4 Qh6 28. h3 (28. Bh3 $14 Qg6 29. Na3) 28... Bxb5 29. axb5 Qf4 30. Ra4 Qg3 31. f4 exf4 32. Rxc4 Rxc4 33. Qxc4 f3 34. Rxf3 Qe5 35. Rf5 Qxb2 36. e5 g6 37. Rf6 Bd4 38. d6 Kg7 39. d7 Bxe5 40. d8=Q Bxf6 $4 ({Black should play} 40... Rxd8 $14 41. Qxf7+ Kh8) 41. Qdd5 a4 42. Bf1 a3 43. g5 Be5 44. Qe2 Re8 45. Qxb2 axb2 46. Bd3 Bc3 47. Qb3 Re1+ 48. Kg2 Bd4 49. Qb4 Rg1+ 50. Kh2 Be3 51. Qxb2+ Kg8 52. Qe5 Re1 53. Qe8+ Kg7 54. Qe5+ Kg8 55. Qf6 Rd1 56. Bc4 Rd2+ 57. Kh1 Rd1+ 58. Kg2 Rd2+ 59. Kf3 Rf2+ 60. Kxe3 1-0

[Event "UKR-ch Women Final 2018"]
[Site "Kiev"]
[Date "2018.12.20"]
[Round "9"]
[White "Gaponenko, Inna"]
[Black "Berdnyk, Mariia"]
[Result "1-0"]
[ECO "B78"]
[WhiteElo "2420"]
[BlackElo "2248"]
[Annotator "ChessBase"]
[PlyCount "108"]
[EventDate "2018.12.11"]
[EventType "tourn"]
[EventCountry "UKR"]
[SourceTitle "playchess.com"]
[Source "ChessBase"]
[SourceQuality "1"]
[TimeControl "40/5400+30:1800+30"]

1. e4 c5 2. Nf3 d6 3. d4 cxd4 4. Nxd4 Nf6 5. Nc3 g6 6. Be3 Bg7 7. f3 O-O 8. Qd2 Nc6 9. Bc4 Bd7 10. O-O-O Rc8 11. Bb3 Nxd4 12. Bxd4 b5 13. Bxa7 b4 14. Nd5 Nxd5 15. exd5 Qa5 16. Qe3 Ba4 17. Bd4 Bxd4 18. Rxd4 Rc5 19. Kb1 Ra8 20. Rhd1 Bxb3 21. Qxb3 Rb5 22. h4 Qa7 23. a3 Rab8 24. Rxb4 Rxb4 25. axb4 Qf2 26. g4 Qxh4 27. b5 Qf2 28. Qd3 Ra8 29. Qe4 Qa7 30. c3 Rb8 31. c4 Ra8 32. Qd4 Qa2+ 33. Kc2 Rc8 34. Kc3 Qa4 35. b6 Qa5+ 36. Kc2 Rb8 37. b3 Qa2+ 38. Kc3 Qa5+ 39. Kb2 Qxb6 40. Qxb6 Rxb6 41. Ra1 Rb7 42. Kc3 Kg7 43. b4 h5 44. gxh5 gxh5 45. c5 dxc5 46. bxc5 Kf6 47. c6 Rb8 48. Kd4 h4 49. Kc5 h3 50. c7 Rg8 51. Rh1 Rg2 52. Rxh3 Rc2+ 53. Kb6 Ke5 54. Rh8 Kxd5 1-0